 Dungeon Crawl Stone Soup version 0.22.0-75-g3901e79 (webtiles) character file.

102 PaladinM the Slasher (level 5, -5/38 HPs)
             Began as a Human Warper on Sept 11, 2018.
             Was an Initiate of the Shining One.
             Slain by a crocodile (13 damage)
             ... in a sewer.
             The game lasted 00:11:47 (2496 turns).

PaladinM the Slasher (Human Warper)                 Turns: 2496, Time: 00:11:48

Health: -5/38      AC:  3    Str: 11    XL:     5   Next: 5%
Magic:  5/8        EV: 12    Int: 14    God:    the Shining One [......]
Gold:   143        SH:  0    Dex: 13    Spells: 1/8 levels left

rFire    . . .     SeeInvis .   a - +0 falchion
rCold    . . .     Gourm    .   (no shield)
rNeg     . . .     Faith    .   b - +0 leather armour
rPois    .         Spirit   .   (no helmet)
rElec    .         Reflect  .   (no cloak)
rCorr    .         Harm     .   (no gloves)
MR       .....                  (no boots)
Stlth    +.........             (no amulet)
HPRegen  0.12/turn              (no ring)
MPRegen  0.11/turn              (no ring)

@: very slightly contaminated, glowing
A: no striking features
a: Renounce Religion


You were in a sewer.
You worshipped the Shining One.
The Shining One was noncommittal.
You were hungry.

You visited 1 branch of the dungeon, and saw 3 of its levels.
You also visited: Sewer.

You collected 143 gold pieces.

Inventory:

Hand Weapons
 a - a +0 falchion (weapon)
 k - a +4 short sword
Missiles
 e - 5 tomahawks of dispersal (quivered)
Armour
 b - a +0 leather armour (worn)
Jewellery
 h - an uncursed ring of fire {unknown}
Scrolls
 d - 2 scrolls of blinking
 j - 3 scrolls of teleportation
Potions
 c - a potion of flight {unknown}
 g - a potion of agility
 i - 2 potions of mutation
 l - 2 potions of heal wounds
 m - a potion of invisibility {unknown}
 n - 2 potions of curing {unknown}
 o - a potion of cancellation {unknown}
Comestibles
 f - 4 rations


   Skills:
 - Level 2.0 Fighting
 + Level 4.8 Long Blades
 - Level 1.0 Throwing
 - Level 1.0 Armour
 - Level 2.0 Dodging
 - Level 2.0 Spellcasting
 - Level 3.0 Translocations


You had one spell level left.
You knew the following spells:

 Your Spells              Type           Power        Failure   Level  Hunger
a - Shroud of Golubria    Chrm/Tloc      #.........   26%         2    ###....
b - Blink                 Tloc           N/A          14%         2    ###....
c - Gell's Gravitas       Tloc           #.........   26%         3    ####...

Your spell library contained the following spells:

 Spells                   Type           Power        Failure   Level  Hunger
 Lesser Beckoning         Tloc           #.........   26%         3    ####...
 Teleport Other           Tloc           #.......     26%         3    ####...
 Passage of Golubria      Tloc           N/A          65%         4    #####..


Dungeon Overview and Level Annotations

Branches:
Dungeon (3/15)

Altars:
Cheibriados
Dithmenos
Sif Muna
The Shining One


Message History

m - a brown potion The crocodile bites you.
You hit the crocodile but do no damage.
The crocodile is lightly wounded.
The crocodile closely misses you.
You riposte.
You hit the crocodile but do no damage.
The crocodile is lightly wounded.
You hit the crocodile.
The crocodile is lightly wounded.
The crocodile bites you!
You completely miss the crocodile.
The crocodile is lightly wounded.
The crocodile bites you!
* * * LOW HITPOINT WARNING * * *
Casting: Blink (safe; 14% risk of failure)
Confirm with . or Enter, or press ? or * to list all spells.
You miscast Blink.
You are very lightly contaminated with residual magic.
You spin around.
The crocodile bites you!
You die...

#)##'##'##'##'##)##'#
#...................#######
#≈≈≈≈≈≈≈≈≈.≈≈≈≈≈≈≈≈≈#≈≈≈≈≈≈
#≈≈≈≈≈≈≈≈≈∩≈≈≈≈≈≈≈≈≈#≈≈≈≈≈≈
#≈≈≈≈≈≈≈≈≈.≈≈≈≈≈≈≈≈≈#≈≈≈≈≈≈
#...................#######
#+##+##+##.##+##'##'# #.#
#t##.# #∩# #@##!# ###
######


You could see a crocodile.

Vanquished Creatures
  4 adders
  An ooze (D:1)
  6 worms
  2 dart slugs (D:1)
  4 leopard geckos
  2 goblins (D:2)
  5 hobgoblins
  A quokka (D:2)
  A ball python (D:2)
  2 bats
  2 frilled lizards
  7 kobolds
  6 rats
43 creatures vanquished.

Notes
Turn   | Place    | Note
-------+----------+-------------------------------------------
     0 | D:1      | PaladinM the Human Warper began the quest for the Orb.
     0 | D:1      | Reached XP level 1. HP: 16/16 MP: 3/3
    86 | D:1      | Reached XP level 2. HP: 14/22 MP: 5/5
    96 | D:1      | Reached skill level 3 in Long Blades
   560 | D:1      | Reached XP level 3. HP: 26/27 MP: 6/6
   710 | D:1      | Learned a level 2 spell: Shroud of Golubria
   713 | D:1      | Learned a level 2 spell: Blink
  1133 | D:2      | Reached skill level 4 in Long Blades
  1133 | D:2      | Reached XP level 4. HP: 21/33 MP: 1/7
  1408 | D:2      | Found a glowing golden altar of the Shining One.
  1408 | D:2      | Found a faded altar of an unknown god.
  1423 | D:2      | Found a shadowy altar of Dithmenos.
  1426 | D:2      | Became a worshipper of the Shining One
  1429 | D:2      | Found a deep blue altar of Sif Muna.
  1431 | D:2      | Found a snail-covered altar of Cheibriados.
  1590 | D:3      | Found a glowing drain.
  1606 | D:3      | Reached XP level 5. HP: 8/38 MP: 8/8
  1649 | Sewer    | Entered a sewer
  1952 | Sewer    | Noticed a crocodile
  2279 | Sewer    | Learned a level 3 spell: Gell's Gravitas
  2496 | Sewer    | Slain by a crocodile

Skill      XL: |  1  2  3 |
---------------+----------+-----
Long Blades    | 3 4 |  4.8
Fighting       | |  2.0
Throwing       | |  1.0
Armour         | |  1.0
Dodging        | |  2.0
Spellcasting   | |  2.0
Translocations | |  3.0

Action                   |  1- 3 |  4- 6 || total
-------------------------+-------+-------++-------
Melee: Falchion          |    20 |     6 ||    26
       Short sword       |    42 |    75 ||   117
 Cast: Shroud of Golubri |     2 |     3 ||     5
       Blink             |       |     2 ||     2
  Use: Scroll            |       |     7 ||     7
  Eat: Chunk             |       |     2 ||     2
       Ration            |       |     1 ||     1
Armor: Leather armour    |    11 |    11 ||    22
Dodge: Dodged            |    42 |    37 ||    79
       Rpst.: Falchion   |     8 |     4 ||    12
